 Dungeon Crawl Stone Soup version 0.28.0-45-g0d030f2227 (webtiles) character file.

Game seed: 1636306584971399787

95 Kziril the Skirmisher (level 4, 0/30 HPs)
             Began as a Gargoyle Fighter on Apr 20, 2022.
             Was a Believer of Trog.
             Slain by a gnoll
             ... wielding a +0 flail
              (7 damage)
             ... on level 3 of the Dungeon.
             The game lasted 00:04:04 (2227 turns).

Kziril the Skirmisher (Gargoyle Fighter)            Turns: 2227, Time: 00:04:04

Health: 0/30       AC: 11    Str: 19    XL:     4   Next: 65%
Magic:  4/4        EV:  9    Int:  9    God:    Trog [**....]
Gold:   134        SH:  4    Dex: 11    Spells: 3/3 levels left

rFire   . . .      SeeInvis +   a - +0 flail
rCold   . . .      Faith    .   c - +0 buckler
rNeg    + . .      Spirit   .   b - +0 scale mail
rPois   ∞          Reflect  .   (no helmet)
rElec   +          Harm     .   (no cloak)
rCorr   +          Rampage  .   (no gloves)
Will    .....                   l - +0 pair of boots
Stlth   ..........              (no amulet)
HPRegen 0.10/turn               h - ring of resist corrosion
MPRegen 0.09/turn               i - ring of see invisible

@: no status effects
A: sickness immunity, AC +3, negative energy resistance 1, electricity
resistance, torment resistance 1, petrification resistance
a: Renounce Religion, Berserk, Trog's Hand


You were on level 3 of the Dungeon.
You worshipped Trog.
Trog was pleased with you.
You visited 1 branch of the dungeon, and saw 4 of its levels.

You collected 134 gold pieces.

Inventory:

Hand Weapons
 a - a +0 flail (weapon)
Missiles
 o - a throwing net (quivered)
Armour
 b - a +0 scale mail (worn)
 c - a +0 buckler (worn)
 l - a +0 pair of boots (worn)
Jewellery
 h - a ring of resist corrosion (left hand)
 i - a ring of see invisible (right hand)
Scrolls
 e - a scroll of magic mapping {unknown}
 f - 3 scrolls of noise {unknown}
 g - a scroll of immolation {unknown}
 k - 2 scrolls of identify {unknown}
 m - a scroll of silence {unknown}
 n - a scroll of blinking {unknown}
 p - a scroll of teleportation {unknown}
 q - a scroll of amnesia {unknown}
Potions
 d - a potion of might
 j - a potion of magic {unknown}


   Skills:
 * Level 4.4 Fighting
 + Level 2.6 Maces & Flails
 + Level 3.9 Armour
 + Level 3.9 Shields


You had 3 spell levels left.
You didn't know any spells.
Your spell library was empty.

Dungeon Overview and Level Annotations

Branches:
Dungeon (4/15)
 Temple: D:4-7

Altars:
Fedhas
Trog


Innate Abilities, Weirdness & Mutations

You are immune to sickness and miasma.
Your stone body is resilient. (AC +3)
You are immune to poison.
You resist negative energy. (rN+)
You are resistant to electric shocks. (rElec)
You are resistant to unholy torment.
You are immune to petrification.


Message History

The gnoll closely misses you. The gnoll barely misses you.
You sock the gnoll!
You kill the gnoll!
Trog accepts your kill. The gnoll closely misses you.
You hit the gnoll.
The gnoll is moderately wounded.
You block the gnoll's attack. The gnoll hits you with a +0 whip.
The gnoll hits you but does no damage.
You barely miss the gnoll.
The gnoll is moderately wounded.
You block the gnoll's attack.
The gnoll hits you from afar with a +0 spear!
You barely miss the gnoll.
The gnoll is moderately wounded.
The gnoll closely misses you. x2
You block the gnoll's attack.
Things that are here:
a +0 whip; a gnoll corpse You hit the gnoll but do no damage.
The gnoll is moderately wounded.
The gnoll barely misses you. You block the gnoll's attack.
You hit the gnoll but do no damage. The gnoll barely misses you.
You block the gnoll's attack. The gnoll barely misses you.
The gnoll hits you but does no damage. The gnoll barely misses you.
You completely miss the gnoll. The gnoll hits you with a +0 whip.
You block the gnoll's attack. The gnoll barely misses you.
You sock the gnoll!
The gnoll is almost dead.
The gnoll completely misses you. The gnoll hits you with a +0 spear.
You block the gnoll's attack. The gnoll hits you with a +0 whip!
* * * LOW HITPOINT WARNING * * *
You sock the gnoll!
You kill the gnoll!
Trog accepts your kill.
The gnoll hits you but does no damage. x2; The gnoll closely misses you.
You hit the gnoll.
The gnoll is severely wounded.
The gnoll hits you but does no damage. The gnoll hits you with a +0 flail!
You die...

# # #### ###### ...#
.....# ##.##########
.....# .............
..... ......######
...
##.##.###.#######g##
...##..##......g@).#
...##.....##..$.#..#
..........##....#..#
..###....###....#..#
..###...<..........#
..#......###?......#
..#.###..# #.......#
..#.###..#######...#
#...........# ...#


You could see 2 gnolls.

Vanquished Creatures
  2 gnolls (D:3)
  An adder (D:2)
  2 worms (D:2)
  3 dart slugs
  3 endoplasms
  2 giant cockroaches
  7 goblins
  4 hobgoblins
  A jackal (D:1)
  8 kobolds
  4 quokkas
  3 ball pythons
  7 bats
  3 frilled lizards
  3 rats
53 creatures vanquished.

Vanquished Creatures (others)
  A plant (D:2)
1 creature vanquished.

Grand Total: 54 creatures vanquished

Notes
Turn   | Place    | Note
-------+----------+-------------------------------------------
     0 | D:1      | Kziril the Gargoyle Fighter began the quest for the Orb.
     0 | D:1      | Reached XP level 1. HP: 14/14 MP: 1/1
    87 | D:1      | Reached XP level 2. HP: 19/19 MP: 2/2
   117 | D:1      | Found a faded altar of an unknown god.
   125 | D:1      | Prayed at the altar of an unknown god.
   125 | D:1      | Became a worshipper of Trog the Wrathful
   125 | D:1      | Reached * piety under Trog
   634 | D:1      | Reached XP level 3. HP: 24/24 MP: 3/3
  1037 | D:2      | Reached skill level 4 in Fighting
  1463 | D:2      | Reached ** piety under Trog
  1464 | D:2      | Reached XP level 4. HP: 11/29 MP: 4/4
  2064 | D:3      | Found a blossoming altar of Fedhas.
  2227 | D:3      | Slain by a gnoll

Illustrated notes

Levels and vault maps discovered:
D:1:      lightli_arrival_chessboard, layout_basic, basic_ecumenical_altar
D:2:      layout_basic, serial_bayou_pond_c
D:3:      layout_basic, nicolae_overflow_crystal_walls, grunt_decor_resistance
D:4:      layout_rooms, lemuel_zombie_altar_kikubaaqudgha, uniq_eustachio,
          uniq_menkaure

Skill      XL: |  1  2  3 |
---------------+----------+-----
Fighting       | 4 |  4.4
Maces & Flails | |  2.6
Armour         | |  3.9
Shields        | |  3.9

Action                   |  1- 3 |  4- 6 || total
-------------------------+-------+-------++-------
Melee: Flail             |   145 |    36 ||   181
Armor: Scale mail        |    99 |    16 ||   115
Dodge: Dodged            |    82 |    31 ||   113
Block: Buckler           |    30 |    13 ||    43
